 Dungeon Crawl Stone Soup version 0.31-a0-214-gb37851dbb3 (webtiles) character file.

Game seed: 5018417211446931303

94 innerfire43 the Trooper (level 4, -1/37 HPs)
             Began as a Demonspawn Monk on July 1, 2023.
             Splashed by a jelly's acid (10 damage)
             ... on level 4 of the Dungeon.
             The game lasted 00:02:16 (2486 turns).

innerfire43 the Trooper (Demonspawn Monk)           Turns: 2486, Time: 00:02:16

Health: -1/37      AC: -2    Str: 14    XL:     4   Next: 38%
Magic:  4/4        EV: 13    Int: 11    God:
Gold:   146        SH:  0    Dex: 15    Spells: 3/3 levels left

rFire   . . .        a - +0 hand axe
rCold   . . .        d - orb {light}
rNeg    . . .        b - +0 robe
rPois   .            (no helmet)
rElec   .            (no cloak)
rCorr   .            j - +2 pair of gloves
SInv    .            g - +0 pair of boots
Will    .....        (no amulet)
Stlth   +            i - ring of flight
HPRegen 0.26/turn    (no ring)
MPRegen 0.09/turn

%: no passive effects
@: confused, ambrosia-drunk, corroded, flying, glowing
A: hooves 1, powered by pain 1
a: no special abilities


You were on level 4 of the Dungeon.
You visited 1 branch of the dungeon, and saw 4 of its levels.

You collected 146 gold pieces.

Inventory:

Hand Weapons
 a - a +0 hand axe (weapon)
Armour
 b - a +0 robe (worn)
 d - an orb of light (worn)
 g - a +0 pair of boots (worn)
 j - a +2 pair of gloves (worn)
Jewellery
 i - a ring of flight (left hand)
Scrolls
 e - 2 scrolls of enchant armour {unknown}
 h - a scroll of butterflies {unknown}
 l - a scroll of blinking {unknown}
 m - a scroll of revelation {unknown}
Potions
 f - a potion of lignification
 k - a potion of heal wounds {unknown}
 n - a potion of degeneration {unknown}


   Skills:
 + Level 3.9 Fighting
 + Level 3.4 Axes
 + Level 3.4 Dodging


You had 3 spell levels left.
You didn't know any spells.
Your spell library was empty.

Dungeon Overview and Level Annotations

Branches:
Dungeon (4/15)
 Temple: D:4-7

Altars:
Sif Muna


Innate Abilities, Weirdness & Mutations

You have large cloven feet.
You sometimes gain a little power by taking damage.


Message History

You kill the kobold!
Things that are here:
a +0 dagger; a stone You reach down and open the door.
A jelly comes into view.
The jelly quivers.
Found a scroll labelled MUIT VUNTOEF.
There is an open door here.
A jelly is nearby!
A jelly is nearby!
The jelly misses you.
A jelly is nearby!
You hit the jelly. The acid corrodes you!
Your hands burn!
The jelly is lightly wounded.
The jelly hits you but does no damage. The jelly hits you.
You are splashed with acid!
A jelly is nearby!
You hit the jelly.
Your hands burn!
The jelly is moderately wounded.
The jelly barely misses you.
A jelly is nearby!
You hit the jelly but do no damage.
Your hands burn!
The jelly is moderately wounded.
The jelly hits you.
You are splashed with acid!
* * * LOW HITPOINT WARNING * * *
You are too injured to fight recklessly!
A jelly is nearby!
You are confused.
You feel invigorated. The jelly closely misses you.
Unknown command.
You hit the jelly but do no damage.
Your hands burn!
* * * LOW HITPOINT WARNING * * *
The jelly is moderately wounded.
The jelly hits you but does no damage.
You're too confused to move!
The jelly hits you.
You are splashed with acid!
* * * LOW HITPOINT WARNING * * *
The jelly hits you.
* * * LOW HITPOINT WARNING * * *
The acid corrodes you!
You are splashed with acid!
You die...

#.# #...< #.# #.... ###.#
#+## ##... #...# #...## #..#.
#...# ##.....## #.### ##...##
##.......# ##..#.
#.....####.?.......####.....
#........'..J......+........
#.#...####.@....... ###...#.
#.##.## ##.......# ##.#..
#.#### ##.....## ###.. #.#
#...## #.# #.# #+## #.# #.#
#.# #†# #.# #.# #.# #.# ##.##
#.#
##.###########...##########.#


You could see a jelly.

Vanquished Creatures
  4 adders
  A worm (D:2)
  2 dart slugs (D:2)
  4 bats
  2 endoplasms
  3 giant cockroaches
  5 goblins
  6 hobgoblins
  3 kobolds
  2 quokkas
  10 ball pythons
  9 rats
51 creatures vanquished.

Notes
Turn   | Place    | Note
-------+----------+-------------------------------------------
     0 | D:1      | innerfire43 the Demonspawn Monk began the quest for the
                  | Orb.
     0 | D:1      | Reached XP level 1. HP: 18/18 MP: 1/1
   224 | D:1      | Gained mutation: You sometimes gain a little power by
                  | taking damage. [demonic ancestry]
   224 | D:1      | Reached XP level 2. HP: 21/24 MP: 2/2
   858 | D:2      | Gained mutation: You have large cloven feet. [demonic
                  | ancestry]
   858 | D:2      | Reached XP level 3. HP: 28/29 MP: 3/3
  1031 | D:2      | You are sucked into a shaft and drop 1 floor!
  1937 | D:3      | Reached XP level 4. HP: 37/37 MP: 4/4
  2207 | D:3      | Found a shimmering blue altar of Sif Muna.
  2264 | D:4      | Identified the +2 leather armour of the Known World
                  | {Rampage Drain rPois rF+++}
  2486 | D:4      | Splashed by a jelly's acid

Illustrated notes

Levels and vault maps discovered:
D:1:      dpeg_chamrin_arrival_tetris, layout_loops_ring
D:2:      layout_basic, grunt_decor_fettered
D:3:      layout_basic, mainiacjoe_overflow_six_doors_small
D:4:      layout_loops_corners

Skill      XL: |  1  2 |
---------------+-------+-----
Axes           | 3 |  3.4
Dodging        | 3 |  3.4
Fighting       | |  3.9

Action                     |  1- 3 |  4- 6 || total
---------------------------+-------+-------++-------
  Melee: Hand axe          |   110 |    34 ||   144
    Use: Scroll            |     2 |       ||     2
         Potion            |     1 |     1 ||     2
 Armour: Robe              |    24 |    14 ||    38
  Dodge: Dodged            |    75 |    20 ||    95

Table legend: (Time is in decaauts)
 A = Elapsed time spent in this place.
 B = Non-inter-level travel time spent in this place.
 C = Inter-level travel time spent in this place.
 D = Time resting spent in this place.
 E = Time spent auto-exploring this place.
 F = Levels seen in this place.
 G = Mean time per level.
                   A        B        C        D        E       F      G
               +--------+--------+--------+--------+--------+-----+--------+
         Total |   2506 |   2387 |    119 |      0 |   1989 |   4 |  626.5 |
       Dungeon |   2506 |   2387 |    119 |      0 |   1989 |   4 |  626.5 |
               +--------+--------+--------+--------+--------+-----+--------+

Top non-repeatable levels by time:
     D:1: 859 daAuts
     D:3: 779 daAuts
     D:2: 631 daAuts
     D:4: 236 daAuts
